Map: Protocolo central

Players

JackSlater - Winner!

  • Race: Terran Terran
  • League: Bronze

Xandros

  • Race: Zerg Zerg

VOD

Have the link to the VOD?

Description

Time

  • Played on: Nov. 19, 2015, 7:05 a.m.
  • Length: 10:32
Show
View Real Time Build Order
Export as new Build Order

JackSlater Terran - Winner!

Build Orders: MMM Bio 

Get SALT Encoding   

  12  0:01  SCV  
  13  0:13  SCV  
  14  0:24  Supply Depot  
  14  0:25  SCV  
  15  0:30  Refinery  
  15  0:45  SCV  
  15  0:49  Barracks  
  16  0:57  SCV  
  17  1:09  SCV  
  18  1:21  SCV  
  19  1:33  SCV  
  19  1:36  Reaper  
  19  1:38  Supply Depot  
  21  1:46  Orbital Command  
  21  2:05  Command Center  
  21  2:11  SCV  
  21  2:13  Reaper  
  22  2:24  SCV  
  23  2:35  Supply Depot  
  23  2:36  SCV  
  24  2:42  Factory  
  23  2:45  Reaper  
  23  2:51  SCV  
  25  3:00  Supply Depot  
  25  3:03  SCV  
  26  3:17  SCV  
  26  3:18  Reaper  
  28  3:32  Orbital Command  
  28  3:33  Factory Reactor  
  28  3:36  SCV  
  29  3:48  SCV  
  30  4:00  SCV  
  29  4:32  Hellion  
  29  4:33  SCV, Hellion  
  29  4:34  SCV  
  35  4:38  Starport  
  35  4:39  Refinery  
  35  4:45  SCV  
  35  4:46  SCV  
  35  4:50  Command Center  
  37  4:57  Supply Depot x2, Barracks  
  37  4:58  SCV x2, Barracks x2  
  39  5:01  Hellion x2  
  39  5:03  Reaper  
  44  5:10  SCV x2  
  46  5:23  Liberator  
  46  5:24  Hellion x2  
  50  5:29  SCV x2  
  50  5:35  Reaper  
  53  5:41  SCV x2  
  58  5:45  Hellion  
  60  5:53  SCV x2  
  62  6:03  Barracks Tech Lab  
  62  6:05  Barracks Reactor, Barracks Tech Lab, SCV  
  62  6:06  SCV  
  62  6:08  Orbital Command  
  64  6:12  Refinery  
  64  6:13  Refinery  
  64  6:16  Engineering Bay  
  64  6:17  Engineering Bay  
  64  6:18  SCV x2  
  66  6:23  Starport Reactor  
  66  6:24  Combat Shields, Stimpack  
  66  6:30  SCV x2  
  68  6:42  SCV x2  
  70  6:48  Marauder x2, Marine x3  
  77  6:54  SCV x2  
  78  7:05  Marine  
  78  7:06  SCV x2, Marine x2  
  83  7:09  Marauder x2  
  83  7:12  Hellion x2  
  91  7:17  Medivac  
  93  7:25  SCV x2, Medivac, Barracks, Marine  
  93  7:27  Supply Depot  
  93  7:28  Terran Infantry Weapons Level 1  
  93  7:29  Supply Depot  
  98  7:30  Barracks  
  98  7:31  Barracks  
  98  7:37  SCV x2  
  100  7:48  Orbital Command  
  100  7:56  Marauder x2, Marine x4  
  108  8:04  Factory Tech Lab  
  108  8:07  Medivac x2  
  112  8:14  Marine x4  
  116  8:22  Barracks Reactor, Barracks Tech Lab x2  
  116  8:28  Supply Depot  
  116  8:29  Supply Depot  
  116  8:32  Marine  
  116  8:33  Terran Infantry Armor Level 1  
  117  8:36  Armory  
  117  8:43  Supply Depot x2  
  117  8:44  Supply Depot  
  117  8:45  Supply Depot x2  
  117  8:49  Marine x5  
  117  8:50  Marauder x2, Medivac  
  117  8:53  Marine  
  122  8:58  Marine x2  
  108  9:07  Marine x5  
  106  9:10  Marine  
  106  9:11  Marine x2  
  106  9:15  Marine  
  106  9:16  Medivac, Marine  
  108  9:25  Marine x5  
  113  9:35  Marauder x2, Marine x3  
  113  9:36  Medivac  
  113  9:38  SCV x2  
  124  9:43  Marine x4  
  124  9:45  Concussive Shells  
  128  9:46  Medivac  
  128  9:52  SCV x2  
  132  9:54  Barracks  
  132  9:55  Barracks  
  132  9:57  Supply Depot x2, Barracks  
  132  9:58  Supply Depot, Refinery  
  132  9:59  Supply Depot, Refinery  
  134  10:07  Marauder x2, Marine x6  
  141  10:29  Command Center  
Show
View Real Time Build Order
Export as new Build Order

Xandros Zerg 

Build Orders: Pool First 

Get SALT Encoding   

  12  0:01  Drone  
  13  0:08  Drone  
  14  0:16  Overlord  
  14  0:36  Spawning Pool  
  14  0:37  Drone  
  14  0:41  Drone  
  15  0:45  Drone  
  16  0:51  Drone, Extractor  
  16  0:59  Drone  
  17  1:09  Drone  
  18  1:23  Queen  
  20  1:44  Zergling x4  
  20  1:46  Hatchery, Zergling x2  
  22  1:55  Overlord  
  22  2:24  Drone x2  
  23  3:02  Baneling Nest  
  23  3:05  Drone  
  23  3:06  Spine Crawler  
  23  3:09  Extractor  
  23  3:10  Drone x3  
  24  3:16  Drone x2, Queen  
  26  3:39  Drone, Zergling x4  
  26  3:40  Zergling x6  
  30  3:54  Drone  
  30  4:09  Metabolic Boost  
  28  4:20  Spine Crawler  
  26  4:25  Drone x3  
  29  4:33  Zergling x2  
  29  4:34  Zergling x6  
  33  4:42  Overlord  
  33  4:54  Drone  
  33  4:58  Drone  
  33  4:59  Lair  
  35  5:06  Evolution Chamber  
  34  5:08  Roach Warren  
  31  5:30  Spine Crawler  
  30  5:40  Zerg Ground Armor Level 1  
  30  5:47  Zergling x2  
  30  5:48  Zergling x2  
  32  5:52  Drone x2  
  33  6:01  Roach x5  
  43  6:06  Drone  
  43  6:08  Overlord x2  
  44  6:22  Overseer  
  44  6:36  Glial Reconstitution  
  44  6:42  Hydralisk Den  
  42  7:02  Roach  
  42  7:03  Roach x5  
  54  7:14  Ravager  
  54  7:15  Ravager  
  56  7:18  Roach  
  56  7:19  Roach  
  60  7:27  Overlord x2  
  60  7:28  Overlord x2  
  60  7:34  Extractor  
  59  7:41  Lurker Den  
  59  7:56  Hydralisk, Roach  
  59  7:57  Hydralisk x3, Roach x3  
  59  7:58  Roach x2  
  72  8:14  Hydralisk x2  
  58  9:05  Zergling x2  
  58  9:06  Zergling x12  
  47  9:15  Zergling x6  
  42  9:19  Lurker x2  
  42  9:20  Lurker  
  41  9:38  Hydralisk, Roach  
  41  9:39  Roach x2  
  49  9:55  Drone  
Tags
 
Composition
MMM Bio
League
Bronze
Matchup
TvZ
Opening
Pool First
Add a new tag
Caveats
  • Supply blocks, unpowered buildings, or Contaminate may cause inaccurate times.
  • Supply counts are checked every 10 seconds.